Cogmind - Beta 16 @@@ ROGUE MODE // 2025.10.29 @ 22:57:11 // Winter2019/RPGLIKE Player: Jaegerpls Result: Destroyed by H-61 Shepherd with Heavy Assault Cannon Performance ------------- Evolutions (2) 1000 Regions Visited (3) 600 Robots Destroyed (31) 155 Value Destroyed (711) 711 Prototype IDs (14) 280 Alien Tech Used (0) 0 Bonus (0) 0 TOTAL SCORE: 2746 Bonus ------- None Cogmind --------- Core Integrity 0/600 Matter 250/300 Energy 160/160 System Corruption 0% Temperature Cool (0) Movement Flying (29) Location -8/Materials Parts ------- > --- POWER (1) -------- Light Nuclear Core > --- PROPULSION (3) --- VTOL Module VTOL Module VTOL Module > --- UTILITY (4) ------ Signal Interpreter Melee Analysis Suite System Shield > --- WEAPON (3) ------- Flail Blade Saw Blade Saw > --- INVENTORY (1) ---- (None) Peak State ------------ > --- POWER ------------ Light Nuclear Core > --- PROPULSION ------- Arachnoskeleton VTOL Module VTOL Module VTOL Module > --- UTILITY ---------- Weight Redist. System Signal Interpreter Melee Analysis Suite System Shield > --- WEAPON ----------- Flail Blade Saw Blade Saw > --- INVENTORY -------- VTOL Module [Rating: 47] Favorites ----------- Power Light Nuclear Core Engine Ion Engine Power Core Light Nuclear Core Propulsion VTOL Module Leg Arachnoskeleton Flight Unit VTOL Module Utility Weight Redist. System Device Weight Redist. System Processor Signal Interpreter Hackware System Shield Protection Hardened Light Armor Plating Weapon Small Laser Energy Gun Small Laser Ballistic Gun Assault Rifle Impact Weapon Flail Slashing Weapon Blade Saw Build | -11 -10 -10 -8 ------- Run | Yrd Mat Sub Mat Slots Evolved 7 | 4 1 . 2 Power . | . . . . Propulsion 2 | 1 1 . . Utility 3 | 2 . . 1 Weapon 2 | 1 . . 1 Parts Attached 23 | 5 9 3 6 Power 2 | 1 1 . . Engine 1 | 1 . . . Core 1 | . 1 . . Reactor . | . . . . Propulsion 7 | 2 4 1 . Treads . | . . . . Leg 3 | 2 . 1 . Wheel . | . . . . Hover . | . . . . Flight 4 | . 4 . . Utility 7 | . 4 . 3 Device 3 | . 2 . 1 Storage . | . . . . Processor 2 | . 1 . 1 Hackware 1 | . . . 1 Protection 1 | . 1 . . Artifact . | . . . . Weapon 7 | 2 . 2 3 Energy Gun 1 | 1 . . . Energy Cannon . | . . . . Ballistic Gun 3 | 1 . 2 . Ballistic Cannon . | . . . . Launcher . | . . . . Special Weapon . | . . . . Impact Weapon 1 | . . . 1 Slashing Weapon 2 | . . . 2 Piercing Weapon . | . . . . Special Melee Weapon . | . . . . Unidentified Prototypes . | . . . . Parts Lost 2 | . . . 2 Power . | . . . . Propulsion 1 | . . . 1 Utility 1 | . . . 1 Weapon . | . . . . Highest Loss Streak 2 | . . . 2 To Critical Strikes . | . . . . Average Backups . | . . 1 . Power . | . . . . Propulsion . | . . 1 . Utility . | . . . . Weapon . | . . . . Tool/Special . | . . . . Unused Backups 1 | . 1 . . Power . | . . . . Propulsion . | . . . . Utility 1 | . 1 . . Weapon . | . . . . Tool/Special . | . . . . Average Slot Usage (%) 90 | . 97 88 82 Core 8 | . 10 9 7 Leg 4 | . 1 5 6 Flight 24 | . 23 27 22 Device 16 | . 23 18 7 Processor 11 | . 9 9 14 Hackware 2 | . . . 6 Energy Gun 5 | . 11 3 . Ballistic Gun 12 | . 11 14 11 Peak Build Rating 47 | 5 16 40 47 Average Rating 27 | 4 13 32 42 On Entrance 15 | . 5 16 40 Avg Prop Armor Cover (%) 13 | . 3 13 13 Naked Turns . | . . . . Heaviest Build 13 | 8 13 10 11 Greatest Support 56 | 20 20 56 18 Greatest Overweight (x) 1 | . . . 1 Average Overweight (x) . | . . . . Largest Inventory Capacity 1 | 1 1 1 1 Average Capacity 1 | 1 1 1 1 Most Carried 1 | . 1 1 1 Average Carried . | . . 1 . Final Capacity 1 | 1 1 1 1 Final Carried 1 | . 1 1 . Class Distribution -------------------- 44% | Sprinter 29% | Hacker-Mutant 25% | Mutant Dominant Class ---------------- Sprinter | -10/Materials Mutant | -10/Subcaves Hacker-Mutant | -8/Materials Resources | -11 -10 -10 -8 ----------- Run | Yrd Mat Sub Mat Matter Collected 919 | 159 339 231 190 Remotely . | . . . . Salvage Created 721 | . 408 115 198 Parts 64 | . 40 8 16 Haulers Intercepted 2 | . 2 . . Recyclers Shooed 1 | . 1 . . Parts Field Recycled . | . . . . Retrieved Matter . | . . . . Parts Self-Destructed 3 | . . 3 . Prevented . | . . . . Parts Restored . | . . . . Kills | -11 -10 -10 -8 ------- Run | Yrd Mat Sub Mat Combat Hostiles Destroyed 20 | . 11 4 5 Melee 2 | . . . 2 Guns 18 | . 11 4 3 Classes Destroyed 10 | . 7 1 2 Tunneler 3 | . 2 . 1 Hauler 2 | . 2 . . Recycler 1 | . 1 . . Operator 2 | . 1 . 1 Watcher 3 | . 3 . . Swarmer 6 | . 6 . . Cutter 1 | . . . 1 Grunt 9 | . 5 1 3 Sentry 1 | . . . 1 Subdweller 3 | . . 3 . Best Kill Streak 7 | . 7 2 3 Combat Bots Only 5 | . 5 2 2 Max Kills in Single Turn 1 | . 1 1 1 Gunslinging . | . . . . Exploded . | . . . . Melee 1 | . . . 1 Uniques/NPCs Destroyed . | . . . . Combat | -11 -10 -10 -8 -------- Run | Yrd Mat Sub Mat Hostile Shots Fired 149 | . 70 17 62 Missed 57 | . 22 7 28 Hits 92 | . 48 10 34 Melee 8 | . . . 8 Projectile 84 | . 48 10 26 AOE 1 | . . . 1 Critical Strikes 5 | . . . 5 Damage Taken 1658 | . 522 250 886 Core 1352 | . 402 205 745 Absorbed by Shields . | . . . . Redirected to Core 1008 | . 314 175 519 Core Remaining (%) 100 | 100 . 100 . Volleys Fired 99 | . 59 20 20 Largest 2 | . 2 2 2 Hottest 60 | . 60 53 53 Shots Fired 195 | . 118 37 40 Gun 195 | . 118 37 40 Cannon . | . . . . Launcher . | . . . . Special . | . . . . Kinetic 133 | . 59 34 40 Thermal 62 | . 59 3 . Explosive . | . . . . Electromagnetic . | . . . . Robot Hit Streak 20 | . 11 20 9 Robot Miss Streak 7 | . 7 1 3 Penetration Max . | . . . . Secondary Targets 1 | . 1 . . Max Gunslinging Chain 1 | . 1 . . Shots Hit Robots 133 | . 75 21 37 Core Hits 48 | . 30 6 12 Critical Kills . | . . . . Critical Parts Destroyed 3 | . 1 . 2 Critical Strikes 4 | . 1 . 3 Destroy 2 | . 1 . 1 Smash 1 | . . . 1 Sever 1 | . . . 1 Melee Attacks 18 | . . . 18 Impact 6 | . . . 6 Slashing 12 | . . . 12 Piercing . | . . . . Sneak Attacks 2 | . . . 2 Combat Hostiles . | . . . . Follow-up Attacks 1 | . . . 1 Damage Inflicted 1912 | . 905 347 660 Guns 1598 | . 905 347 346 Cannons . | . . . . Explosions . | . . . . Melee 314 | . . . 314 Ramming . | . . . . Kinetic 1127 | . 434 347 346 Thermal 471 | . 471 . . Explosive . | . . . . Electromagnetic . | . . . . Impact 116 | . . . 116 Slashing 198 | . . . 198 Piercing . | . . . . Highest Corruption 3 | . 3 3 . Average Corruption 2 | . 2 3 . Corruption Purged . | . . . . Corruption Blocked . | . . . . Effects 11 | . 3 8 . Message Errors 2 | . . 2 . Matter Fused 2 | . . 2 . Heat Flow Errors 1 | . 1 . . Energy Discharges 1 | . . 1 . Data Loss (minor) 4 | . 2 2 . Alerts 1 | . . 1 . Overload Shots . | . . . . Overflow Damage 33 | . . . 33 Projectiles . | . . . . Explosions . | . . . . Melee 33 | . . . 33 Knockbacks . | . . . . Impact . | . . . . Kinetic . | . . . . Secondary . | . . . . Self-Inflicted Damage . | . . . . Shots . | . . . . Rammed . | . . . . Targets Rammed . | . . . . Kicked . | . . . . Crushed . | . . . . Highest Temperature 237 | . 237 . 2 Average Temperature 40 | . 43 . 2 Received Heat Transfer 324 | . 123 84 117 Siege Activations . | . . . . Martial Activations . | . . . . Shielding Activations . | . . . . Robots Disrupted . | . . . . Combat Hostiles . | . . . . Robots Corrupted . | . . . . Combat Hostiles . | . . . . Parts Fried . | . . . . Impact Corruptions 1 | . . . 1 Robots Melted . | . . . . Combat Hostiles . | . . . . Parts Melted . | . . . . Heat Transferred 1075 | . 1075 . . Parts Sabotaged . | . . . . Parts Stolen . | . . . . Parts Stripped . | . . . . Power Chain Reactions . | . . . . Alert | -11 -10 -10 -8 ------- Run | Yrd Mat Sub Mat Maximum Alert Level . | . . . . Low Security (%) 100 | 100 100 . 100 Level 1 . | . . . . Level 2 . | . . . . Level 3 . | . . . . Level 4 . | . . . . Level 5 . | . . . . High Security . | . . . . Max Security . | . . . . Peak Influence 170 | . 170 . 110 Initial . | . . . . Average 56 | . 70 . 46 Influence Increases 748 | . 444 20 284 Destroy 0b10 Robot/C 340 | . 220 20 100 Destroy 0b10 Robot/NC 55 | . 45 . 10 Destroy Leader 80 | . 60 . 20 Trap Triggered on 0b10 30 | . 30 . . Successful Hack 32 | . 29 . 3 Destroy Structure 1 | . . . 1 Lose Combat Pursuer 210 | . 60 . 150 Influence Decreases 656 | . 294 170 192 Entered New Map 73 | . . 73 . Time Decay 464 | . 195 97 172 Lost Part 20 | . . . 20 Purge Threat 99 | . 99 . . Squads Dispatched 6 | . 2 . 4 Investigation . | . . . . Extermination . | . . . . Reinforcement 6 | . 2 . 4 Assault . | . . . . Garrison . | . . . . Intercept . | . . . . Searches Triggered . | . . . . Construction Impeded . | . . . . Haulers Reinforced . | . . . . Active Scanning Responses . | . . . . Cargo Convoy Interrupts . | . . . . Stealth | -11 -10 -10 -8 --------- Run | Yrd Mat Sub Mat Distress Signals 8 | . 2 . 6 Communications Jammed . | . . . . Distress Signals . | . . . . Times Spotted 48 | . 23 3 22 Peak Tracking Total 6 | . 6 2 4 Tactical Retreats 10 | . 2 . 8 Traps | -11 -10 -10 -8 ------- Run | Yrd Mat Sub Mat Traps Triggered 2 | . 2 . . Indirectly . | . . . . Trap Hack Attempts . | . . . . Triggered . | . . . . Disarmed . | . . . . Reprogrammed 3 | . 3 . . Reused 3 | . 3 . . Traps Extracted . | . . . . Installed . | . . . . Triggered 3 | . 3 . . Machines | -11 -10 -10 -8 ---------- Run | Yrd Mat Sub Mat Machines Disabled 1 | . . 1 . Max in Single Turn 1 | . . 1 . Machines Repaired . | . . . . Machines Dismantled . | . . . . Machines Sabotaged . | . . . . Overloaded Fab Kills . | . . . . Hacking | -11 -10 -10 -8 --------- Run | Yrd Mat Sub Mat Machines Accessed 10 | . 8 1 1 Terminals 7 | . 6 . 1 Fabricators . | . . . . Repair Stations 1 | . 1 . . Recycling Units 1 | . 1 . . Scanalyzers . | . . . . Garrison Access . | . . . . Total Hacks 51 | . 35 9 7 Successful 35 | . 23 9 3 Failed 15 | . 11 . 4 Catastrophic 1 | . . . 1 Database Lockouts 1 | . 1 . . Manual 32 | . 25 . 7 Terminals 34 | . 27 . 7 Fabricators . | . . . . Repair Stations 2 | . 2 . . Recycling Units 6 | . 6 . . Scanalyzers . | . . . . Garrison Access . | . . . . Terminal Hacks 19 | . 10 9 . Record 8 | . . 8 . Robot Analysis 1 | . 1 . . Prototype ID Bank 1 | . 1 . . Emergency Access Points 1 | . 1 . . Unreport Threat 2 | . 2 . . Reprogram Traps 1 | . 1 . . Recall Reinforcements 1 | . 1 . . Zone Layout 3 | . 3 . . Proto ID Catalog 1 | . . 1 . Fabricator Hacks . | . . . . Repair Station Hacks . | . . . . Recycling Unit Hacks 2 | . 2 . . Report Inventory 2 | . 2 . . Scanalyzer . | . . . . Garrison Access Hacks . | . . . . Unauthorized Hacks 14 | . 11 . 3 Terminals 11 | . 8 . 3 Track 2 | . 1 . 1 Botnet 3 | . 2 . 1 Skim 6 | . 5 . 1 Fabricators . | . . . . Repair Stations 1 | . 1 . . Mechanics 1 | . 1 . . Recycling Units 2 | . 2 . . Reject 1 | . 1 . . Mask 1 | . 1 . . Scanalyzers . | . . . . Garrison Access . | . . . . Data Cores Recovered . | . . . . Used . | . . . . Hacking Detections 8 | . 7 . 1 Full Trace Events . | . . . . Feedback Events . | . . . . Feedback Blocked . | . . . . Robot Schematics Acquired . | . . . . Robots Built . | . . . . Authchips . | . . . . Time . | . . . . Total Robot Build Rating . | . . . . Part Schematics Acquired . | . . . . Parts Built . | . . . . Authchips . | . . . . Time . | . . . . Total Part Build Rating . | . . . . Part Studies Acquired . | . . . . Parts Repaired . | . . . . Time . | . . . . Parts Recycled . | . . . . Recycled Matter . | . . . . Retrieved Matter . | . . . . Retrieved Components . | . . . . Parts Scanalyzed . | . . . . Part Schematics Acquired . | . . . . Parts Damaged . | . . . . Bothacking | -11 -10 -10 -8 ------------ Run | Yrd Mat Sub Mat Used RIF Installer . | . . . . Robots Hacked . | . . . . Non-combat . | . . . . Combat . | . . . . Robot Hacks Applied . | . . . . Relay Couplers Released . | . . . . Fabnet Peak Effective % . | . . . . Robots Rewired . | . . . . Allies Hacked . | . . . . Hacks Repelled . | . . . . Allies | -11 -10 -10 -8 -------- Run | Yrd Mat Sub Mat Total Allies . | . . . . Largest Group . | . . . . Highest-Rated Group . | . . . . Highest-Rated Ally . | . . . . Total Orders . | . . . . Ally Attacks . | . . . . Total Damage . | . . . . Kills . | . . . . Allies Corrupted . | . . . . Allies Melted . | . . . . Intel | -11 -10 -10 -8 ------- Run | Yrd Mat Sub Mat Active Infowar (turns) . | . . . . Robot Analysis Total 1 | . 1 . . Derelict Logs Recovered 2 | . . 2 . Drone Launches . | . . . . Drone Recoveries . | . . . . Exploration | -11 -10 -10 -8 ------------- Run | Yrd Mat Sub Mat Turns Passed 1438 | 60 556 367 455 Spaces Moved 1945 | 47 906 609 383 Core 4 | 4 . . . Treads . | . . . . Legs 68 | 43 24 1 . Wheels . | . . . . Hover . | . . . . Flight 1873 | . 882 608 383 Fastest Speed 29 | 50 29 29 29 Average Speed 43 | 114 34 43 58 Slowest Speed 120 | 120 120 90 112 Overloaded Moves . | . . . . Propulsion Burnouts . | . . . . Robots Hopped . | . . . . Potential Cave-ins . | . . . . Cave-ins Triggered . | . . . . Exploration Rate (%) 36 | 3 95 32 14 Regions Visited 3 Branch Regions 1 Pre-discovered Areas 1 | . . 1 . Known Exits Taken 2 | . 1 1 . Unknown Exits Taken 1 | 1 . . . Scrap Searched 2 | . . 2 . Spaces Dug . | . . . . Terrain Destroyed . | . . . . Melee . | . . . . Projectile . | . . . . AOE . | . . . . Terrain Rammed . | . . . . Walls Destroyed . | . . . . Machines Disabled . | . . . . Actions | -11 -10 -10 -8 --------- Run | Yrd Mat Sub Mat Total 2306 | 51 1033 678 544 Wait 153 | . 29 23 101 Move 1942 | 46 905 608 383 Hop . | . . . . Pick Up 4 | . 4 . . Fast Attach 21 | 5 4 4 8 Attach 2 | . 1 . 1 Detach . | . . . . Swap 10 | . 6 2 2 Drop 15 | . 5 4 6 Fire 99 | . 59 20 20 Melee 17 | . . . 17 Ram . | . . . . Kick . | . . . . Crush . | . . . . Escape Stasis . | . . . . Rewire . | . . . . Trap . | . . . . Miscellaneous 43 | . 20 17 6 Route ------- -11/Scrapyard -10/Materials (discovered 6 exits: *Mat x3 / *Min x2 / *Sub) -10/Subcaves -8/Materials (discovered 3 exits: Fac x2 / Sto) History --------- Turn | Location | Event 1 | -11/Scrapyard | Upgraded with Propulsion slot (x1) 1 | -11/Scrapyard | Upgraded with Utility slot (x2) 1 | -11/Scrapyard | Upgraded with Weapon slot (x1) 3 | -11/Scrapyard | Discovered new exit (range 16) 61 | -11/Scrapyard | Entered Materials 169 | -10/Materials | Discovered new exit (range 6) 170 | -10/Materials | Identified exit to Mines 173 | -10/Materials | Discovered new exit (range 15) 203 | -10/Materials | Identified exit to Materials 208 | -10/Materials | Central database locked down 268 | -10/Materials | Discovered exit to Mines (range 8) 275 | -10/Materials | Discovered exit to Materials (range 8) 325 | -10/Materials | Discovered exit to Materials (range 15) 392 | -10/Materials | Build established: Sprinter 498 | -10/Materials | Discovered new exit (range 5) 499 | -10/Materials | Identified exit to Subcaves 589 | -10/Materials | Reached level 2 592 | -10/Materials | Upgraded with Propulsion slot (x1) 617 | -10/Materials | Entered Subcaves 618 | -10/Subcaves | Approached by a straggling Scientist 634 | -10/Subcaves | Shifting Twisted Machinery released Shrapnel Trap 644 | -10/Subcaves | Shifting Twisted Machinery released Mak. Light Armor Plating 645 | -10/Subcaves | Learned 8 Materials zone layouts 646 | -10/Subcaves | Learned 4 Materials zone layouts 654 | -10/Subcaves | Learned location of Zion (-6) 654 | -10/Subcaves | Met a Zionite searching for "candidates" 723 | -10/Subcaves | Visited 4L-MR0's lab 732 | -10/Subcaves | Found Arachnoskeleton 733 | -10/Subcaves | Attached Arachnoskeleton, gained temporary slots: Propulsion x3 965 | -10/Subcaves | Discovered new exit (range 10) 969 | -10/Subcaves | Identified exit to Materials 984 | -10/Subcaves | Entered Materials 985 | -8/Materials | Identified exit to Factory 985 | -8/Materials | Identified exit to Storage 986 | -8/Materials | Reached level 3 986 | -8/Materials | Upgraded with Utility slot (x1) 1291 | -8/Materials | Build established: Hacker-Mutant 1369 | -8/Materials | Core integrity fell below 50% 1371 | -8/Materials | Reached level 4 1377 | -8/Materials | Upgraded with Weapon slot (x1) 1427 | -8/Materials | Core integrity fell below 20% 1439 | -8/Materials | Destroyed by H-61 Shepherd with Heavy Assault Cannon Last Messages --------------- 01424_ Knocked back. 01425_ Acquired VTOL Module. 01426_ Knocked back. 01427_ U-05 Engineer lays Concrete. 01428_ H-61 Shepherd calls for reinforcements. 01428_ ALERT: Hostile activity reported, dispatching reinforcements to area. 01428_ U-05 Engineer lays Concrete. 01429_ Knocked back. 01430_ U-05 Engineer lays Concrete. 01434_ Blade Saw blasted off. 01434_ Knocked back. 01434_ U-05 Engineer lays Concrete. 01435_ K-01 Serf collects debris. 01435_ U-05 Engineer lays Concrete. 01435_ Acquired Blade Saw. 01437_ Flail follow-up attack on H-61 Shepherd. 01437_ U-05 Engineer lays Concrete. 01438_ K-01 Serf collects debris. 01438_ U-05 Engineer lays Concrete. Map ----- +----------------------------------------------------+ | | | | | | | ########???#########################?????????????? | | ???# ## #?????????????? | | """ """ #??# "" """ """ ## """ """ #?????????????? | | """ """ #??# "T """ """ ## """ """ #?????????????? | | """ """ #??# "" """ """ ## """ """ ###########???? | | #??# ## # #???? | | * #??#######+####### # """ #???? | | +######+######## ##########+##+# """""#???? | | *% # """""#???? | | % / T + """""#???? | | = *! # """ #???? | | +###########+### #####%######### #???? | | % ! =#???# #######???#=#???????# #???? | | = #???# #?????????#!##??????###########???? | | [ #???# """ #??????####%##########????????????? | | #???# """ #??????# ##*### #????????????? | | #???# """ #?????### ! "S #????????????? | | #???# """ ##"###### """ #????????????? | | #???# +% "" #????????????? | | #???# """%#####"### # #???????????## | | #???# """ #???#?###[ku% # [ #???????????# | | ######???# """ #??????# !H %#########??########## | | ?????????# """ ########;;@ #??????????# # | | ?????????# # [ ; % #??????????# # | | ?????????####### %!%;=*=#??????????# # | | ???????????????# % #%[ #??????????# # | | ???????????????# = #!= #??????????# """ # | | ????????????############# ###????????# """ # | | ????????????# # a ########## """ # | | ????????????# # + """ ## | | ????????????# # # """ #? | | ###########?# + + ## | | # #?# # # """ # | | # """ #?# # # """ # | | # """ #?# # ####+##### """ # | | # """ #?# ######### ## """ # | | # #?#+######### ## ## """ "" # | | # """ #?# #???????# ## ## T" # | | # """ #?# #???????# ## ## "" # | | # """ #?# #???????# """ ## ## # | | # ### ###?????# """ ## ### ####### | | ########+## #?????# """ ## #?###????### | | ########+###### #????????# | | T + #????????# | | ######## ###### #????????# | | ###+####### #??????# #????# #????????# | | ??# ########??????# #????#########????????# | +----------------------------------------------------+ Best States ------------- Heat Dissipation 43 Energy Generation 19 Energy Capacity 250 Matter Stores 300 Matter Capacity 300 Sight Range 16 Robot Scan Range 10 Terrain Scan Density 110 Additional Mass Support 6 Armor Coverage 150 Evasion (%) 64 Melee Accuracy 5 Offensive Hacking 5 Defensive Hacking 15 Item Schematics ----------------- None Robot Schematics ------------------ None Fabricated ------------ Nothing Repaired ---------- Nothing Studied --------- None Alien Tech Used ----------------- None Achievements -------------- Sprinter Challenges ------------ None RPGLIKE | -11 -10 -10 -8 --------- Run | Yrd Mat Sub Mat Levels Raised 3 | . 1 . 2 XP Earned 7730 | 3000 1530 1100 2100 XP Spent 7210 | 3000 800 620 2790 Upgrades 22 | 8 1 7 6 Propulsion Slot 2 | 1 1 . . Utility Slot 3 | 2 . . 1 Weapon Slot 2 | 1 . . 1 Heat Dissipation 3 | 1 . 1 1 Energy Generation 1 | . . . 1 Inventory Capacity 1 | 1 . . . Sensor Range 5 | . . 5 . Terrain Scan Density 1 | . . 1 . Melee Accuracy 2 | . . . 2 Hack Attack % 1 | 1 . . . Hack Defense % 1 | 1 . . . Protomatter Created 325 | . 162 78 85 Integrity Restored 888 | . 392 374 122 Core 712 | . 330 277 105 Parts 176 | . 62 97 17 Protomatter Decayed 30 | . 30 . . Game ------ Seed PortableArmageddonSuit Manual? 0 Play Time 00:33:10 Cumulative 37.8 hours Start 2025.10.29 @ 22:23:17 End 2025.10.29 @ 22:57:11 Sessions 1 Manual Loads 0 Difficulty Rogue Special Mode Winter2019/RPGLIKE Game No. 35 Rogue 35 Adventurer 0 Explorer 0 Win Type - Total 0 Types 0/0/0/0/0/0/0/0/0/0 Lore% 27 Gallery% 27 Achievement% 26 Wizard Run 0 Options --------- Layout 0 ASCII 0 Keyboard 0 Movement Mouse Keybinds 0 Fullscreen 2 Font 24/Smallcaps Map View 76x50 Zoom Use 0% Tactical HUD 1 Map Filters NONE Filters NONE Steam 1 RUN: 57c85ebc-fb84-4c62-89f9-cc64a98554e0